 Dungeon Crawl Stone Soup version 0.21.1-1-g345015f (webtiles) character file.

33068 goulibeur the Agent of Entropy (level 13, 0/103 HPs)
             Began as a Demonspawn Abyssal Knight on June 18, 2018.
             Was a Priest of Lugonu.
             Slain by Rupert
             ... wielding a +2 great mace of crushing
              (9 damage)
             ... on level 4 of the Lair of Beasts on June 19, 2018.
             The game lasted 01:14:40 (20214 turns).

goulibeur the Agent of Entropy (DsAK)              Turns: 20214, Time: 01:14:41

Health: 0/103      AC: 20    Str: 13    XL:     13   Next: 34%
Magic:  13/25      EV: 12    Int: 14    God:    Lugonu [***...]
Gold:   972        SH:  6    Dex: 17    Spells: 12/12 levels left

rFire    + . .     SeeInvis .   l - +1 war axe (flame)
rCold    . . .     Gourm    .   (no shield)
rNeg     . . .     Faith    .   N - +0 plate armour
rPois    .         Spirit   .   (helmet unavailable)
rElec    .         Reflect  .   q - +1 cloak
rCorr    .         Harm     .   L - +0 pair of gloves
MR       .....                  W - +1 pair of boots
Stlth    ..........             m - amulet of rage
HPRegen  0.27/turn              k - ring of protection from fire
MPRegen  0.19/turn              h - +5 ring of evasion

@: no status effects
A: horns 3, large bone plates 2, foul stench 1, powered by death 2, rot immunity
a: Depart the Abyss, Bend Space, Banish, Renounce Religion, Evoke Berserk Rage


You were on level 4 of the Lair of Beasts.
You worshipped Lugonu.
Lugonu was most pleased with you.
You were near starving.

You visited 2 branches of the dungeon, and saw 15 of its levels.
You visited the Abyss 1 time.

You collected 972 gold pieces.

Inventory:

Hand Weapons
 g - a +5 spear
 l - a +1 war axe of flaming (weapon)
 o - a +2 scimitar of flaming
 x - a +2 long sword of slicing
 P - the +3 hand axe "Kelois" {vamp, Int+2, unknown}
   (You found it on level 6 of the Dungeon)

   It inflicts no extra harm, but heals its wielder when it wounds a living foe.
   It affects your intelligence (+2).
Armour
 q - a +1 cloak (worn)
 E - a +0 hat
 G - a -2 buckler
 L - a +0 pair of gloves (worn)
 N - a +0 plate armour (worn)
 W - a +1 pair of boots (worn)
Jewellery
 h - a +5 ring of evasion (right hand)
 j - a +3 ring of protection {unknown}
 k - a ring of protection from fire (left hand)
 m - an amulet of rage (around neck)
 u - a cursed ring of loudness {unknown}
 Q - an uncursed ring of wizardry {unknown}
 R - a +3 ring of evasion
 U - an uncursed ring of magical power {unknown}
 V - an uncursed ring of flight {unknown}
Wands
 i - a wand of flame (38)
 t - a wand of polymorph (10)
 w - a wand of acid (12)
 J - a wand of random effects (38)
 M - a wand of disintegration (16)
 S - a wand of iceblast (19)
Scrolls
 a - 5 scrolls of identify
 f - a scroll of enchant weapon
 s - a scroll of noise {unknown}
 v - 6 scrolls of remove curse
 y - 10 scrolls of teleportation {unknown}
 A - 2 scrolls of blinking {unknown}
 H - a scroll of magic mapping {unknown}
 K - 4 scrolls of enchant armour
 O - a scroll of fear {unknown}
 T - 2 scrolls of amnesia
 Y - 3 scrolls of immolation {unknown}
Potions
 b - a potion of mutation
 d - a potion of brilliance
 e - 2 potions of curing
 n - 4 potions of agility
 p - a potion of degeneration
 r - 3 potions of might
 z - 2 potions of flight
 B - 2 potions of heal wounds
 C - 2 potions of invisibility
 D - 2 potions of berserk rage
 F - a potion of lignification
 I - 3 potions of haste
Comestibles
 c - 28 rations


   Skills:
 + Level 9.9 Fighting
   Level 1.7 Short Blades
 + Level 8.8 Armour
 + Level 8.8 Dodging
 + Level 7.7 Shields
 * Level 16.4 Invocations


You had 12 spell levels left.
You didn't know any spells.

Dungeon Overview and Level Annotations

Branches:
Dungeon (11/15)            Temple (0/1) D:7            Lair (4/6) D:9
 Shoals (0/4) Lair:2       Spider (0/4) Lair:3
    Orc: D:9-12

Altars:
Ashenzari
Cheibriados
Elyvilon
Fedhas
Hepliaklqana
Makhleb
Qazlal
Sif Muna
Xom

Annotations:
Lair:4 Nergalle, Rupert
Abyss:1 Fannar, Sonja


Innate Abilities, Weirdness & Mutations

You have a pair of large horns on your head.
You are mostly covered in large bone plates. (SH +6)
You may emit foul miasma when damaged in melee.
You regenerate health from kills.
You are immune to rotting.


Message History

Rupert hits you but does no damage.
Press: ? - help, Shift-Dir - straight line, f - Rupert
Aim: Rupert, wielding a great mace of crushing and wearing a chain mail (foul pestilence, moderately wounded, berserk, fast, unusually strong, poisoned, sick, chance to defeat MR: 28%) Rupert easily resists.
You feel somewhat more hungry.
Rupert is engulfed in dark miasma.
Rupert looks as sick as possible!
Rupert hits you with a great mace of crushing.
Press: ? - help, Shift-Dir - straight line, f/p - Rupert
Aim: Rupert, wielding a great mace of crushing and wearing a chain mail (foul pestilence, moderately wounded, berserk, fast, unusually strong, poisoned, sick, chance to defeat MR: 28%) Rupert easily resists.
You are near starving!
Rupert is engulfed in dark miasma.
Rupert looks as sick as possible!
Rupert seems to slow down.
You block Rupert's attack.
Press: ? - help, Shift-Dir - straight line, f/p - Rupert
Aim: Rupert, wielding a great mace of crushing and wearing a chain mail (foul pestilence, moderately wounded, berserk, fast+slow, unusually strong, poisoned, sick, chance to defeat MR: 28%) Rupert easily resists.
You feel somewhat more hungry.
You can no longer corrupt the fabric of space.
Rupert is engulfed in dark miasma.
Rupert looks as sick as possible!
Rupert hits you with a great mace of crushing!!
* * * LOW HITPOINT WARNING * * *
You die...

#...# ...
######...#....
##....#<.......
#....#.....#.##
#####...).......# #
#.#...............
#.#.<.#.............
#......##@h.........
#.....#รท@###....P...
#.........#........P
#......##.##.......P
#.#....## ..#........
#....... ..#.###...
##.....# #.# ..
##...## ## #.... ##..


You could see Rupert (berserk) and a wolf.

Vanquished Creatures
  A hydra (Lair:1)
  A two-headed ogre (D:9)
  Erica (D:10)
  A black mamba (Lair:4)
  4 elephants
  4 torpor snails
  6 spiny frogs
  2 komodo dragons
  A polar bear (Lair:3)
  A troll (D:9)
  The ghost of goulibeur the Agent of Entropy, an amateur DsAK of Lugonu (D:5)
  A hippogriff (Lair:2)
  4 blink frogs (Lair:3)
  A wraith (D:10)
  19 yaks
  3 wyverns
  A basilisk (Lair:1)
  Eustachio (D:6)
  An acid dragon (D:11)
  9 water moccasins
  2 porcupines (Lair:1)
  3 orc warriors
  2 ice beasts
  A sky beast (D:10)
  4 ogres
  A necrophage (D:7)
  A tengu (D:4)
  7 wolves
  A phantom (D:5)
  4 centaurs
  8 crocodiles
  A big kobold (D:9)
  11 bullfrogs
  5 scorpions
  5 killer bees (D:10)
  17 wights
  An electric eel (Lair:1)
  3 crimson imps
  4 centaur zombies
  2 quasits (D:10)
  5 orc priests
  A bullfrog skeleton (D:4)
  2 hounds (D:4)
  3 jellies
  3 centaur skeletons
  7 iguanas
  6 orc wizards
  10 worker ants
  A hound zombie (D:6)
  A worker ant zombie (D:5)
  Robin (D:2)
  A howler monkey skeleton (D:8)
  10 adders
  2 shadow imps (D:8)
  2 oozes
  6 worms
  4 dart slugs
  10 leopard geckos
  22 orcs
  8 bats
  12 giant cockroaches
  14 goblins
  10 hobgoblins
  7 jackals
  6 quokkas
  A ball python (D:3)
  9 frilled lizards
  13 kobolds
  A leopard gecko skeleton (D:3)
  A leopard gecko zombie (D:8)
  A quokka skeleton (D:4)
  21 rats
347 creatures vanquished.

Vanquished Creatures (others)
  A hydra (D:9)
  A two-headed ogre (D:10)
  The ghost of Rwicked the Bludgeoner, a novice MiBe of Trog (D:7)
  2 unseen horrors (D:10)
  A spiny frog (Lair:4)
  A gargoyle (D:10)
  A hippogriff (D:10)
  A basilisk (Lair:2)
  A scorpion (D:4)
  A killer bee (D:9)
  An orc priest (D:9)
  An orc wizard (D:9)
  5 fungi
  4 plants
22 creatures vanquished.

Grand Total: 369 creatures vanquished

Notes
Turn   | Place    | Note
-------+----------+-------------------------------------------
     0 | Abyss:1  | goulibeur the Demonspawn Abyssal Knight began the quest for the Orb.
     0 | Abyss:1  | Reached XP level 1. HP: 18/18 MP: 2/2
    44 | Abyss:1  | Noticed a large abomination
    45 | D:1      | Escaped the Abyss
    53 | D:1      | Reached skill level 1 in Dodging
   173 | D:1      | Reached * piety under Lugonu
   173 | D:1      | Reached skill level 3 in Invocations
   173 | D:1      | Gained mutation: You are partially covered in large bone plates. (SH +4) [demonic ancestry]
   173 | D:1      | Reached XP level 2. HP: 23/24 MP: 2/4
   424 | D:1      | Gained mutation: You are immune to rotting. [demonic ancestry]
   424 | D:1      | Reached XP level 3. HP: 19/29 MP: 5/5
   697 | D:1      | Reached ** piety under Lugonu
  1250 | D:2      | Reached skill level 4 in Invocations
  1250 | D:2      | Gained mutation: You are mostly covered in large bone plates. (SH +6) [demonic ancestry]
  1250 | D:2      | Reached XP level 4. HP: 20/35 MP: 5/7
  1897 | D:2      | Noticed Robin
  1919 | D:2      | Killed Robin
  1969 | D:2      | Found a white marble altar of Elyvilon.
  2305 | D:2      | Found a burning altar of Makhleb.
  2305 | D:2      | Noticed a blizzard demon
  2308 | D:2      | Noticed a hellwing
  2308 | D:2      | Noticed a hellwing
  2503 | D:3      | Reached *** piety under Lugonu
  2503 | D:3      | Gained mutation: You have a pair of small horns on your head. [demonic ancestry]
  2503 | D:3      | Reached XP level 5. HP: 41/41 MP: 8/8
  2537 | D:3      | Found a shattered altar of Ashenzari.
  2550 | D:3      | Found a transporter.
  2563 | D:3      | Found a transporter.
  2767 | D:3      | Found a stormy altar of Qazlal.
  2819 | D:3      | Found a faded altar of an unknown god.
  3088 | D:4      | Reached skill level 5 in Invocations
  3116 | D:4      | Noticed a tengu
  3116 | D:4      | a scorpion changed into a tengu
  3120 | D:4      | Killed a tengu
  3408 | D:4      | Gained mutation: You regenerate a little health from kills. [demonic ancestry]
  3408 | D:4      | Reached XP level 6. HP: 29/48 MP: 10/10
  3633 | D:4      | Reached skill level 6 in Invocations
  3813 | D:4      | Gained mutation: You have a pair of horns on your head. [demonic ancestry]
  3813 | D:4      | Reached XP level 7. HP: 44/55 MP: 11/11
  3827 | D:4      | You fall through a shaft!
  3827 | D:5      | Entered Level 5 of the Dungeon
  3894 | D:5      | Found a hazy altar of Hepliaklqana.
  3962 | D:5      | Reached skill level 7 in Invocations
  4320 | D:5      | Reached skill level 5 in Fighting
  4567 | D:5      | Found a shimmering altar of Xom.
  4625 | D:5      | Noticed goulibeur's ghost (amateur DsAK)
  4653 | D:5      | Killed goulibeur's ghost
  4653 | D:5      | Reached skill level 8 in Invocations
  4653 | D:5      | Gained mutation: You regenerate health from kills. [demonic ancestry]
  4653 | D:5      | Reached XP level 8. HP: 21/62 MP: 12/14
  4936 | D:5      | Reached skill level 1 in Shields
  5331 | D:4      | Found a blossoming altar of Fedhas.
  5926 | D:6      | Got a polished hand axe
  5946 | D:6      | Noticed Eustachio
  5963 | D:6      | Killed Eustachio
  5963 | D:6      | Reached skill level 9 in Invocations
  6357 | D:7      | Found a staircase to the Ecumenical Temple.
  6497 | D:7      | Found a deep blue altar of Sif Muna.
  6826 | D:7      | Noticed Rwicked's ghost (novice MiBe)
  6831 | D:7      | Banished Rwicked's ghost
  6831 | D:7      | Reached skill level 5 in Armour
  6831 | D:7      | Gained mutation: You may emit foul miasma when damaged in melee. [demonic ancestry]
  6831 | D:7      | Reached XP level 9. HP: 44/69 MP: 16/16
  7128 | D:7      | Reached skill level 10 in Invocations
  7158 | D:7      | Reached **** piety under Lugonu
  7963 | D:8      | Reached skill level 5 in Dodging
  8721 | D:9      | Noticed a two-headed ogre
  8729 | D:9      | Killed a two-headed ogre
  8729 | D:9      | Reached skill level 11 in Invocations
  9460 | D:8      | Reached XP level 10. HP: 77/77 MP: 18/18
 10393 | D:9      | Found a deep blue altar of Sif Muna.
 10495 | D:9      | Reached skill level 12 in Invocations
 10500 | D:9      | Found a staircase to the Lair.
 10830 | D:10     | Entered Level 10 of the Dungeon
 11138 | D:10     | Banished an unseen horror
 11521 | D:10     | Reached skill level 5 in Shields
 11602 | D:10     | Noticed a gargoyle
 11611 | D:10     | Banished a gargoyle
 11816 | D:10     | Reached skill level 13 in Invocations
 11844 | D:10     | Noticed a two-headed ogre
 11866 | D:10     | Banished a two-headed ogre
 11866 | D:10     | Reached XP level 11. HP: 43/85 MP: 20/20
 12313 | D:10     | Banished an unseen horror
 12377 | D:10     | Noticed Erica
 12389 | D:10     | Killed Erica
 12884 | Lair:1   | Entered Level 1 of the Lair of Beasts
 12886 | Lair:1   | Noticed a four-headed hydra
 12909 | D:9      | Banished a four-headed hydra
 14036 | Lair:1   | Reached skill level 14 in Invocations
 14675 | Lair:2   | Reached skill level 15 in Invocations
 14675 | Lair:2   | Reached XP level 12. HP: 95/95 MP: 21/23
 14961 | Lair:2   | Noticed an eight-headed hydra
 14989 | Lair:1   | Killed a four-headed hydra
 15256 | Lair:2   | Noticed Sonja
 15258 | Lair:2   | Banished Sonja
 16277 | Lair:2   | Noticed Fannar
 16277 | Lair:2   | Banished Fannar
 16277 | Lair:2   | Gained mutation: You have a pair of large horns on your head. [demonic ancestry]
 16277 | Lair:2   | Reached XP level 13. HP: 75/101 MP: 24/24
 16509 | Lair:2   | Found a staircase to the Shoals.
 16960 | Lair:3   | Found a hole to the Spider Nest.
 16977 | Lair:3   | Reached skill level 16 in Invocations
 18337 | Lair:3   | HP: 2/102 [torpor snail (14)]
 18709 | Lair:3   | Found a snail-covered altar of Cheibriados.
 19645 | Lair:4   | Noticed Nergalle
 20201 | Lair:4   | Noticed Rupert
 20214 | Lair:4   | Slain by Rupert

Skill      XL: |  1  2  3  4  5  6  7  8  9 10 11 12 13 |
---------------+----------------------------------------+-----
Dodging        | 1 2 3 4 5 6 7 8 |  8.8
Invocations    | 3 4 5 6 8 9 11 13 15 16 | 16.4
Armour         | 2 3 4 5 6 7 8 |  8.8
Fighting       | 4 5 6 7 9 |  9.9
Shields        | 2 3 5 6 7 |  7.7
Short Blades   | |  1.7

Action                   |  1- 3 |  4- 6 |  7- 9 | 10-12 | 13-15 || total
-------------------------+-------+-------+-------+-------+-------++-------
Melee: Short sword       |   175 |   117 |       |       |       ||   292
       War axe           |       |   122 |   337 |   705 |   262 ||  1426
       Headbutt          |       |    10 |    61 |   138 |    65 ||   274
Invok: Depart the Abyss  |     1 |       |       |       |       ||     1
       Banish            |       |     3 |     1 |    14 |     6 ||    24
       Bend Space        |       |       |       |     3 |       ||     3
Evoke: Wand              |       |     3 |       |       |       ||     3
  Use: Scroll            |       |     6 |     2 |    13 |       ||    21
       Potion            |       |     1 |       |     4 |       ||     5
  Eat: Chunk             |     1 |    10 |    17 |    10 |    12 ||    50
       Ration            |       |       |     1 |     5 |       ||     6
Armor: Ring mail         |    55 |    33 |       |       |       ||    88
       Scale mail        |       |     8 |       |       |       ||     8
       Chain mail        |       |    31 |    65 |       |       ||    96
       Plate armour      |       |       |   129 |   536 |   191 ||   856
Dodge: Dodged            |    79 |   153 |   187 |   465 |   199 ||  1083
Block: Other             |    26 |    58 |   118 |   261 |    92 ||   555
